 Dungeon Crawl Stone Soup version 0.19-a0-1686-g35356ef (webtiles) character file.

128574 Deemzul the Fencer (level 16, -16/131 HPs)
             Began as a Demonspawn Berserker on Sept 24, 2016.
             Was the Champion of Trog.
             Shot with an arrow by a deep elf master archer (23 damage)
             ... on level 3 of the Elven Halls on Sept 25, 2016.
             The game lasted 01:07:17 (29081 turns).

Deemzul the Fencer (Demonspawn Berserker)          Turns: 29081, Time: 01:07:18

Health: -16/131    AC: 17    Str: 28    XL:     16   Next: 48%
Magic:  14/14      EV: 21    Int: 21    God:    Trog [******]
Gold:   1958       SH:  0    Dex: 21    Spells: 0 memorised, 15 levels left

rFire  + + .     SeeInvis .     U - +4 triple sword of Trog's Indignation {slice, Fragile +Rage rN+ Str+3}
rCold  + + +     Gourm    .     H - +0 scale mail of Kleptomania {rF+ Regen+ Int+6}
rNeg   + . .     Faith    .     (shield currently unavailable)
rPois  .         Spirit   .     (helmet unavailable)
rElec  +         Dismiss  .     h - +0 cloak
rCorr  +         Reflect  .     V - +2 pair of gloves of Noon {Int+7}
MR     ++...     Harm     .     T - +0 pair of boots of Absolutism {rElec rCorr}
Stlth  +.........               I - amulet of regeneration
                                F - ring of Taucur {*Drain rC+++ MR+ Str+6 Dex-4}
                                u - ring of protection from fire

@: no status effects
A: horns 3, thin skeletal structure 2, agile 1, demonic guardian 2, foul stench
1, low mp 1, sense surroundings 1, rot immunity
a: Berserk, Trog's Hand, Brothers in Arms, Burn Spellbooks, Renounce Religion,
Evoke Berserk Rage


You were on level 3 of the Elven Halls.
You worshipped Trog.
Trog was exalted by your worship.
You were hungry.

You visited 6 branches of the dungeon, and saw 28 of its levels.
You also visited: Labyrinth.

You collected 3149 gold pieces.
You spent 1191 gold pieces at shops.

Inventory:

Hand Weapons
 x - the +1 falchion "Keng" {flame, MR- Str+7 Int+4}
   (You found it on level 5 of the Dungeon)

   It has been specially enchanted to burn those struck by it, causing extra
   injury to most foes and up to half again as much damage against particularly
   susceptible opponents.
   Big, fiery blades are also staple armaments of hydra-hunters.
   It affects your strength (+7).
   It affects your intelligence (+4).
   It affects your resistance to hostile enchantments.
 U - the +4 triple sword of Trog's Indignation (weapon) {slice, Fragile +Rage rN+ Str+3}
   (Trog gifted it to you on level 1 of the Orcish Mines)

   It inflicts extra damage upon your enemies.
   It affects your strength (+3).
   It protects you from negative energy.
   It lets you go berserk.
   It will be destroyed if unequipped.
Armour
 h - a +0 cloak (worn)
 H - the +0 scale mail of Kleptomania (worn) {rF+ Regen+ Int+6}
   (You bought it in a shop on level 10 of the Dungeon)

   It affects your intelligence (+6).
   It protects you from fire.
   It increases your rate of regeneration.
 T - the +0 pair of boots of Absolutism (worn) {rElec rCorr}
   (You bought it in a shop on level 10 of the Dungeon)

   It insulates you from electricity.
   It protects you from acid and corrosion.
 V - the +2 pair of gloves of Noon (worn) {Int+7}
   (You bought it in a shop on level 10 of the Dungeon)

   It affects your intelligence (+7).
Rods
 q - a +4 rod of inaccuracy (14/14)
   (You took it off a minotaur in a labyrinth)
 C - a +4 rod of shadows (14/14)
   (You found it in a labyrinth)
Jewellery
 u - a ring of protection from fire (left hand)
 F - the ring of Taucur (right hand) {*Drain rC+++ MR+ Str+6 Dex-4}
   (You found it in a labyrinth)

   [ring of strength]

   It affects your strength (+6).
   It affects your dexterity (-4).
   It renders you almost immune to cold.
   It affects your resistance to hostile enchantments.
   It causes draining when unequipped.
 I - an amulet of regeneration (around neck)
 J - an uncursed ring of flight
 R - an uncursed ring of teleportation
Wands
 o - a wand of heal wounds (4/9)
 s - a wand of iceblast (0/15)
 y - a wand of acid (6/15)
 A - a wand of random effects (17/48)
 B - a wand of hasting (1/9)
 E - a wand of heal wounds (5/9)
 G - a wand of acid (7/15)
 L - a wand of hasting (1/9)
 M - a wand of slowing (17/48)
 P - a wand of lightning (9/15)
 W - a wand of paralysis (14/24)
Scrolls
 b - 5 scrolls of remove curse
 f - 4 scrolls of fear
 g - 4 scrolls of enchant weapon
 i - 11 scrolls of teleportation
 j - 3 scrolls of magic mapping
 m - 25 scrolls of identify
 D - 3 scrolls of enchant armour
 Q - 6 scrolls of recharging
 X - a scroll of blinking
 Y - a scroll of fog
Potions
 d - 10 potions of curing
 e - 3 potions of agility
 k - 2 potions of might
 n - a potion of resistance
 t - 2 potions of berserk rage
 v - 8 potions of flight
 w - 3 potions of haste
 z - a potion of ambrosia
 N - 3 potions of invisibility
 S - a potion of cancellation
 Z - 2 potions of cure mutation
Miscellaneous
 O - a fan of gales
Comestibles
 a - 2 meat rations
 c - 12 bread rations
 l - 8 beef jerkies
 p - 8 slices of pizza
 r - 3 chunks of flesh
 K - 27 fruits


   Skills:
 + Level 13.4 Fighting
 * Level 17.1 Long Blades
 + Level 12.5 Armour
 + Level 12.6 Dodging


You had 15 spell levels left.
You didn't know any spells.

Dungeon Overview and Level Annotations

Branches:
Dungeon (15/15)            Temple (1/1) D:7            Lair (6/6) D:9
  Swamp (0/4) Lair:4        Snake (1/4) Lair:4        Slime (0/5) Lair:5
    Orc (2/2) D:10            Elf (3/3) Orc:2        Vaults (0/5) D:13
 Depths (0/5) D:15

Altars:
Ashenzari
Dithmenos
Elyvilon
Fedhas
Hepliaklqana
Kikubaaqudgha
Nemelex Xobeh
Okawaru
Qazlal
Ru
Sif Muna
Uskayaw
Vehumet
Xom
Yredelemnul
Zin
The Shining One
Beogh

Shops:
D:4 *   D:5 ?   D:6 ?   D:8 *   D:10 [   D:15 ?   Orc:2 !**:

Portals:
Trove: Elf:2 (give 6 potions of haste)

Annotations:
Lair:1 exclusion: oklob plant
Elf:2 3 runed doors


Innate Abilities, Weirdness & Mutations

You have a pair of large horns on your head.
You have a moderately thin skeletal structure. (Dex +4, Stealth+)
A demonic guardian rushes to your aid.
You may emit foul miasma when damaged in melee.
You are immune to rotting.
You are agile. (Dex +2)
Your magical capacity is low. (-10% MP)
You passively map a small area around you.


Message History

The arrow hits you!!
* * * LOW HITPOINT WARNING * * *
Your hill giant goes berserk!
You feel quite a bit more hungry.
The deep elf master archer shoots an arrow.
The arrow hits you!!
* * * LOW HITPOINT WARNING * * *
Unknown command.
Okay, then.
Unknown command.
As you read the scroll of fear, it crumbles to dust.
You assume a fearsome visage.
The earth elemental is unaffected.
The deep elf master archer resists with some effort.
The earth elemental is unaffected. x2
The deep elf master archer shoots an arrow.
The arrow hits you.
* * * LOW HITPOINT WARNING * * *
The deep elf master archer shoots an arrow.
The arrow hits you!!
You die...

* ** ##.[8..<[.8..## #.# , .'
##...(.(.......## #.# .##
##...[(..8.......###.# .e#
#..(((#.....#.....##.# ..
##..8..#...|.#..8..##.# . ,
#.....##..8..##.....#(#
*#..((.##.....##.....#(###
#..[..##...3.##..)..#.<(##
###(#+###...C@###.#.##....#
#.......##+#e###[.#..3....##*
#.(.....'.(EEE...e'e.......# ,
#.......###.eE#..##......ee###
#.(.....# ### * #.....[.).ยง.
##{#...### ##.....#..#.
##e###### #######.### ##e## *
#. # #.## ..#


You could see a deep elf master archer, a deep elf elementalist, 2 earth
elementals, a friendly hill giant (berserk) and a friendly smoke demon.

Vanquished Creatures
  Aizul (Snake:1)
  A deep elf elementalist (Elf:2)
  3 deep elf demonologists
  2 deep elf annihilators
  The ghost of Athtar123 the Brawler, a journeyman DrMo of Makhleb (Lair:4)
  Josephine (Orc:2)
  2 fire dragons (Lair:6)
  3 hydras
  4 vault guards (D:13)
  An ice dragon (Lair:6)
  2 anacondas (Snake:1)
  3 centaur warriors
  18 dancing weapons
  Urug (Orc:1)
  3 orc high priests
  9 deep elf knights
  12 deep elf archers
  2 lindwurms (Lair:6)
  3 orc knights
  5 hill giants
  A wolf spider zombie (D:15)
  3 ugly things
  A hornet (shapeshifter) (Elf:1)
  49 deep elf magi
  4 orc sorcerers
  A faun (Lair:5)
  3 cyclopes
  5 elephants (Lair:6)
  4 black mambas
  A centaur zombie (D:15)
  A spiny frog (shapeshifter) (Elf:1)
  9 spiny frogs
  5 torpor snails (Lair:6)
  2 rime drakes
  8 komodo dragons
  A kobold demonologist (D:15)
  2 two-headed ogres
  A meliai (D:15)
  5 trolls
  7 blink frogs
  4 tyrant leeches
  2 slime creatures (D:12)
  14 hippogriffs
  An air elemental (Elf:1)
  2 shadows
  3 fire elementals (Elf:1)
  4 water elementals
  A hungry ghost (D:10)
  33 yaks
  5 wraiths
  5 basilisks
  A human (D:7)
  3 steam dragons (Lair:6)
  2 mottled dragons (Lair:6)
  4 nagas (Lair:4)
  A swamp worm (Lair:4)
  2 wargs
  Edmund (D:6)
  10 water moccasins
  4 porcupines
  5 ice beasts
  20 orc warriors
  4 sky beasts
  A black bear (D:9)
  2 necrophages
  An eye of draining (D:11)
  3 phantoms
  8 wasps
  13 ogres
  15 wolves
  9 crocodiles
  9 centaurs
  A big kobold (D:12)
  17 bullfrogs
  4 earth elementals
  4 scorpions
  6 killer bees (D:11)
  2 vampire bats (D:13)
  6 wights
  4 howler monkeys
  2 crimson imps
  A wyvern simulacrum (D:8)
  4 bullfrog zombies
  2 human zombies (D:14)
  5 hounds
  22 jellies
  18 orc wizards
  22 orc priests
  5 bullfrog skeletons
  3 centaur skeletons
  A human skeleton (D:14)
  5 iguanas
  12 worker ants
  Terence (D:3)
  An ogre zombie (D:14)
  An ogre skeleton (D:14)
  3 hound skeletons
  2 mummies (D:14)
  A killer bee simulacrum (D:8)
  Robin (D:2)
  6 gnolls
  5 adders
  32 river rats
  2 shadow imps
  5 white imps
  A worker ant simulacrum (D:8)
  An ufetubus (D:8)
  3 oozes
  2 adder skeletons
  2 dart slugs
  3 worms
  An adder simulacrum (D:8)
  8 leopard geckos
  66 orcs
  A giant cockroach (D:5)
  11 goblins
  9 hobgoblins
  2 jackals (D:1)
  8 quokkas
  A ball python (D:6)
  12 bats
  3 frilled lizards
  14 kobolds
  A leopard gecko zombie (D:5)
  An orc zombie (D:14)
  A quokka skeleton (D:7)
  7 rats
  A fungus (D:8)
747 creatures vanquished.

Vanquished Creatures (collateral kills)
  Rupert (Lair:3)
  A deep elf elementalist (Elf:3)
  A minotaur (Lab)
  A vault guard (D:13)
  6 hydras
  A death knight (D:11)
  2 dancing weapons
  2 death yaks (D:8)
  The ghost of drd the Nimble, a journeyman OpAs of Hepliaklqana (Orc:1)
  A titan zombie (D:15)
  An orc high priest (Orc:2)
  A deep elf knight (Elf:3)
  A skeletal warrior (D:15)
  A deep elf archer (Elf:3)
  2 hill giants
  3 orc knights
  3 orc sorcerers
  6 deep elf magi
  2 ugly things (D:14)
  2 cyclopes
  An elephant (Lair:6)
  Joseph (D:8)
  A torpor snail (Lair:6)
  4 freezing wraiths (D:11)
  A meliai (D:15)
  A polar bear (D:8)
  A troll (D:9)
  A tyrant leech (Lair:6)
  2 slime creatures (D:12)
  Prince Ribbit (D:9)
  3 hippogriffs
  10 yaks
  4 hogs (D:7)
  A wraith (Orc:2)
  A mottled dragon (Lair:6)
  A water moccasin (Lair:3)
  6 orc warriors
  A sky beast (D:10)
  A black bear (D:8)
  2 ice beasts (D:8)
  2 wasps (Lair:6)
  A centaur (D:6)
  3 bullfrogs
  A scorpion (D:4)
  3 wights (D:6)
  2 howler monkeys
  An electric eel (D:8)
  A crimson imp (D:8)
  A hound (D:6)
  5 orc priests
  An iguana (D:10)
  6 orc wizards
  Ijyb (D:2)
  3 worker ants
  A worker ant zombie (D:8)
  4 gnolls
  4 adders
  A shadow imp (D:8)
  2 ufetubi (D:8)
  An ooze (D:3)
  An adder simulacrum (D:8)
  A leopard gecko (D:9)
  13 orcs
  A giant cockroach (D:4)
  A frilled lizard (D:3)
144 creatures vanquished.

Vanquished Creatures (others)
  A deep elf mage (Elf:1)
  An orc (Orc:2)
  6 fungi
  17 plants (Lair:6)
25 creatures vanquished.

Grand Total: 916 creatures vanquished

Notes
Turn   | Place    | Note
-------+----------+-------------------------------------------
     0 | D:1      | Deemzul the Demonspawn Berserker began the quest for the Orb.
     0 | D:1      | Reached XP level 1. HP: 18/18 MP: 1/1
    60 | D:1      | HP: 1/27 [leopard gecko (2)]
   144 | D:2      | HP: 1/27 [bat (1)]
   220 | D:1      | Gained mutation: A weak demonic guardian rushes to your aid. [demonic ancestry]
   220 | D:1      | Reached XP level 2. HP: 2/24 MP: 2/2
   616 | D:1      | Reached skill level 3 in Long Blades
  1222 | D:2      | Gained mutation: You are immune to rotting. [demonic ancestry]
  1222 | D:2      | Reached XP level 3. HP: 26/29 MP: 3/3
  1224 | D:2      | Reached ** piety under Trog
  1367 | D:2      | Noticed Ijyb
  1374 | D:2      | Killed Ijyb
  1417 | D:2      | Noticed Robin
  1421 | D:2      | Killed Robin
  1670 | D:2      | Reached XP level 4. HP: 32/35 MP: 4/4
  2007 | D:3      | Found a glowing golden altar of the Shining One.
  2141 | D:3      | Found a white marble altar of Elyvilon.
  2141 | D:3      | Found a glowing golden altar of the Shining One.
  2142 | D:3      | Found a glowing silver altar of Zin.
  2577 | D:3      | Reached XP level 5. HP: 26/41 MP: 5/5
  2816 | D:3      | Noticed Terence
  2828 | D:3      | Killed Terence
  2828 | D:3      | Reached skill level 4 in Long Blades
  2924 | D:3      | Noticed a phantom
  3316 | D:4      | Found Olokh's Assorted Antiques.
  3332 | D:4      | Bought a scroll labeled MELUT AMACSENI for 24 gold pieces
  3332 | D:4      | Bought a scroll labeled ULUXUEDEIR for 24 gold pieces
  3332 | D:4      | Bought a black potion for 21 gold pieces
  3332 | D:4      | Bought a scroll labeled YRIOZA DAUTAON for 24 gold pieces
  3332 | D:4      | Bought a scroll labeled YRIOZA DAUTAON for 24 gold pieces
  3332 | D:4      | Bought a fuming sapphire potion for 21 gold pieces
  3332 | D:4      | Bought a scroll labeled YRIOZA DAUTAON for 24 gold pieces
  3415 | D:4      | Gained mutation: You may emit foul miasma when damaged in melee. [demonic ancestry]
  3415 | D:4      | Reached XP level 6. HP: 37/48 MP: 6/6
  3586 | D:4      | Found a basalt altar of Yredelemnul.
  3667 | D:4      | HP: 1/72 [ogre/giant club (15)]
  3673 | D:4      | Reached skill level 5 in Long Blades
  4063 | D:4      | Reached XP level 7. HP: 33/55 MP: 7/7
  4337 | D:5      | Entered Level 5 of the Dungeon
  4345 | D:5      | Reached *** piety under Trog
  4880 | D:5      | Found a radiant altar of Vehumet.
  4920 | D:5      | Found Heedips's Magic Scroll Emporium.
  4923 | D:5      | Bought a scroll of magic mapping for 42 gold pieces
  5203 | D:5      | Got an ancient falchion
  5204 | D:5      | Identified the +1 falchion "Keng" {flame, MR- Str+7 Int+4} (You found it on level 5 of the Dungeon)
  5499 | D:5      | Reached skill level 5 in Fighting
  5499 | D:5      | Reached skill level 6 in Long Blades
  5499 | D:5      | Gained mutation: A demonic guardian rushes to your aid. [demonic ancestry]
  5499 | D:5      | Reached XP level 8. HP: 44/62 MP: 8/8
  6351 | D:6      | Noticed Edmund
  6360 | D:6      | Killed Edmund
  6499 | D:6      | Found Efufeal's Magic Scroll Shoppe.
  6622 | D:4      | Bought a scroll labeled LOBBYO HYTA for 24 gold pieces
  6935 | D:7      | Reached skill level 7 in Long Blades
  6948 | D:7      | Found a staircase to the Ecumenical Temple.
  6967 | D:7      | Reached **** piety under Trog
  6985 | Temple   | Entered the Ecumenical Temple
  7046 | D:7      | Found a blossoming altar of Fedhas.
  7145 | D:7      | Reached skill level 5 in Armour
  7416 | D:7      | Reached skill level 5 in Dodging
  7487 | D:7      | Gained mutation: You have a pair of small horns on your head. [demonic ancestry]
  7487 | D:7      | Reached XP level 9. HP: 45/69 MP: 9/9
  7823 | D:7      | Found a deep blue altar of Sif Muna.
  7838 | D:7      | Reached skill level 8 in Long Blades
  8685 | D:8      | Noticed a polar bear
  8757 | D:8      | Killed a polar bear
  8820 | D:8      | Noticed a hill giant
  8837 | D:8      | Found Yvolom's General Store.
  9053 | D:8      | Found a shadowy altar of Dithmenos.
  9093 | D:8      | Noticed Joseph
  9102 | D:8      | Killed Joseph
  9132 | D:8      | Reached skill level 9 in Long Blades
  9304 | D:8      | Gained mutation: You have a pair of horns on your head. [demonic ancestry]
  9304 | D:8      | Reached XP level 10. HP: 59/77 MP: 10/10
  9432 | D:8      | Noticed a death yak
  9450 | D:8      | Killed a death yak
  9700 | D:8      | Found a hide-covered altar of Uskayaw.
  9716 | D:8      | Reached ***** piety under Trog
  9724 | D:8      | Killed a hill giant
  9734 | D:8      | Found a stormy altar of Qazlal.
  9994 | D:8      | Found a sparkling altar of Nemelex Xobeh.
 10047 | D:8      | Found a sacrificial altar of Ru.
 10145 | D:8      | Noticed a death yak
 10152 | D:8      | Killed a death yak
 10282 | D:9      | Noticed Prince Ribbit
 10290 | D:9      | Killed Prince Ribbit
 10290 | D:9      | Reached skill level 10 in Long Blades
 10411 | D:9      | Noticed a cyclops
 10419 | D:9      | Killed a cyclops
 10511 | D:9      | Found a staircase to the Lair.
 10742 | D:10     | Entered Level 10 of the Dungeon
 10808 | D:10     | Reached XP level 11. HP: 76/86 MP: 11/11
 10962 | D:10     | Found Otimic Baint's Antique Armour Emporium.
 10965 | D:10     | Bought a pair of smoking boots for 256 gold pieces
 10970 | D:10     | Identified the cursed +0 pair of boots of Absolutism {rElec rCorr} (You bought it in a shop on level 10 of the Dungeon)
 11241 | D:10     | Found a staircase to the Orcish Mines.
 11462 | D:10     | Found a roughly hewn altar of Beogh.
 11573 | Orc:1    | Entered Level 1 of the Orcish Mines
 11583 | Orc:1    | Noticed drd's ghost (journeyman OpAs)
 11588 | Orc:1    | Killed drd's ghost
 11588 | Orc:1    | Received a gift from Trog
 11612 | Orc:1    | Got a brightly glowing triple sword {god gift}
 11613 | Orc:1    | Identified the +4 triple sword of Trog's Indignation {slice, Fragile +Rage rN+ Str+3} (Trog gifted it to you on level 1 of the Orcish Mines)
 11622 | Orc:1    | Noticed an orc sorcerer
 11796 | Orc:1    | Paralysed by an orc sorcerer for 2 turns
 11799 | Orc:1    | Killed an orc sorcerer
 11889 | Orc:1    | Noticed an orc knight
 11949 | D:10     | Killed an orc knight
 12297 | D:10     | Reached skill level 11 in Long Blades
 12781 | Orc:1    | Found a roughly hewn altar of Beogh.
 13065 | Orc:2    | Entered Level 2 of the Orcish Mines
 13180 | Orc:2    | Noticed Josephine
 13189 | Orc:1    | Noticed Urug
 13201 | Orc:1    | Killed Urug
 13400 | Orc:2    | Killed Josephine
 13742 | D:10     | Bought a pair of heavily runed gloves for 256 gold pieces
 13747 | D:10     | Identified the +2 pair of gloves of Noon {Int+7} (You bought it in a shop on level 10 of the Dungeon)
 13770 | D:11     | Found a shimmering altar of Xom.
 14711 | Orc:2    | Noticed an orc sorcerer
 14771 | Orc:2    | Noticed an orc sorcerer
 14772 | Orc:2    | Paralysed by an orc sorcerer for 5 turns
 14773 | Orc:2    | Noticed an orc knight
 14776 | Orc:2    | Noticed an orc knight
 14776 | Orc:2    | Noticed an orc knight
 14777 | Orc:2    | Noticed an orc sorcerer
 14786 | Orc:2    | Noticed a sun demon
 14789 | Orc:2    | Killed an orc sorcerer
 14789 | Orc:2    | Received a gift from Trog
 14836 | Orc:2    | Killed an orc knight
 14846 | Orc:2    | Killed an orc knight
 14850 | Orc:2    | Killed an orc knight
 14850 | Orc:2    | Gained mutation: You have a pair of large horns on your head. [demonic ancestry]
 14850 | Orc:2    | Reached XP level 12. HP: 56/95 MP: 12/12
 15132 | Orc:2    | Found Rexut's Assorted Antiques.
 15133 | Orc:2    | Noticed an orc high priest
 15223 | Orc:2    | Reached skill level 12 in Long Blades
 15303 | Orc:2    | Found Suekhlod's Book Emporium.
 15305 | Orc:2    | Noticed an orc high priest
 15318 | Orc:2    | Noticed an orc high priest
 15352 | Orc:1    | Killed an orc high priest
 15407 | Orc:1    | Killed an orc high priest
 15722 | Orc:2    | Found a staircase to the Elven Halls.
 15798 | Orc:2    | Killed an orc high priest
 15810 | Orc:2    | Found Jifips's Assorted Antiques.
 15810 | Orc:2    | Found Pijenn Qyrho's Distillery.
 15820 | Orc:2    | Bought a potion of degeneration for 15 gold pieces
 15820 | Orc:2    | Bought a potion of agility for 60 gold pieces
 15820 | Orc:2    | Bought a potion of flight for 45 gold pieces
 15828 | Orc:2    | Bought 2 blue potions for 59 gold pieces
 15828 | Orc:2    | Bought a white potion for 29 gold pieces
 15939 | D:10     | Bought a warped scale mail for 243 gold pieces
 15959 | D:10     | Identified the cursed +0 scale mail of Kleptomania {rF+ Regen+ Int+6} (You bought it in a shop on level 10 of the Dungeon)
 16037 | D:11     | Noticed a death knight
 16779 | D:12     | Received a gift from Trog
 17253 | D:12     | Noticed a centaur warrior
 17256 | D:12     | Killed a centaur warrior
 17256 | D:12     | Reached skill level 10 in Fighting
 17327 | D:12     | Got a translucent ring mail
 17339 | D:12     | Identified the cursed +0 ring mail "Zotoqu" {MR++} (You found it on level 12 of the Dungeon)
 17396 | D:12     | Reached skill level 13 in Long Blades
 17422 | D:13     | Gained mutation: You are resistant to hostile enchantments. (MR+) [mutagenic meat]
 17630 | D:13     | Reached XP level 13. HP: 103/103 MP: 13/13
 17716 | D:13     | Found a gate to the Vaults.
 17978 | D:13     | Reached ****** piety under Trog
 18307 | D:14     | Received a gift from Trog
 18407 | D:14     | Gained mutation: You are robust. (+10% HP) [mutagenic meat]
 18845 | D:14     | Reached skill level 10 in Dodging
 18846 | D:14     | Reached skill level 10 in Armour
 19047 | D:14     | Found an ancient bone altar of Kikubaaqudgha.
 19256 | D:15     | Entered Level 15 of the Dungeon
 19321 | D:15     | Found a shattered altar of Ashenzari.
 19334 | D:15     | Found Kirph's Magic Scroll Shoppe.
 19409 | D:15     | Reached skill level 14 in Long Blades
 19415 | D:15     | Found a labyrinth entrance.
 19527 | Lab      | Entered a labyrinth
 19920 | Lab      | Noticed a minotaur
 19927 | Lab      | Killed a minotaur
 19930 | Lab      | Got a shimmering scale mail
 19936 | Lab      | Got a fine iron ring
 19937 | Lab      | Got a brightly glowing robe
 19960 | D:15     | Identified the +3 scale mail of Leapfrog {+Blink Str+3 Dex-5} (You took it off a minotaur in a labyrinth)
 19970 | D:15     | Identified the cursed -5 robe of Misfortune {-Cast *Contam *Tele *Drain EV-5 Stlth-- *Curse} (You found it in a labyrinth)
 19988 | D:15     | Identified the ring of Taucur {*Drain rC+++ MR+ Str+6 Dex-4} (You found it in a labyrinth)
 20002 | D:15     | Gained mutation: You tend to lose your temper in combat. [mutagenic glow]
 20026 | D:15     | Received a gift from Trog
 20029 | D:15     | Gained mutation: Armour fits poorly on your strangely shaped body. [mutagenic glow]
 20089 | D:15     | Noticed a jiangshi
 20249 | Lair:1   | Entered Level 1 of the Lair of Beasts
 21285 | Lair:2   | Gained mutation: You have a somewhat thin skeletal structure. (Dex +2, Stealth) [demonic ancestry]
 21285 | Lair:2   | Reached XP level 14. HP: 85/124 MP: 14/14
 22340 | Lair:3   | Noticed Rupert
 22391 | Lair:3   | Killed Rupert
 22760 | Lair:4   | Received a gift from Trog
 22919 | Lair:4   | Found a staircase to the Snake Pit.
 23161 | Lair:4   | Found a staircase to the Swamp.
 23199 | Lair:4   | Noticed Athtar123's ghost (journeyman DrMo)
 23203 | Lair:4   | Killed Athtar123's ghost
 23509 | Lair:5   | Found a staircase to the Slime Pits.
 23898 | Lair:5   | Reached skill level 15 in Long Blades
 24120 | Lair:6   | Entered Level 6 of the Lair of Beasts
 24236 | Lair:6   | Received a gift from Trog
 24359 | Lair:6   | Found a shimmering altar of Xom.
 25251 | Lair:6   | Found a runed door.
 25353 | Lair:6   | Gained mutation: You have a moderately thin skeletal structure. (Dex +4, Stealth+) [demonic ancestry]
 25353 | Lair:6   | Reached XP level 15. HP: 132/132 MP: 15/15
 25763 | Snake:1  | Entered Level 1 of the Snake Pit
 25787 | Snake:1  | Noticed Aizul
 25798 | Snake:1  | Killed Aizul
 25801 | Snake:1  | HP: 7/198 [anaconda (9)]
 25804 | Snake:1  | HP: 3/198 [poisoned by Aizul (bolt of poison)]
 25914 | Lair:4   | Received a gift from Trog
 26117 | Elf:1    | Entered Level 1 of the Elven Halls
 26658 | Elf:1    | Reached skill level 16 in Long Blades
 26665 | Elf:1    | Lost mutation: You are resistant to hostile enchantments. (MR+) [mutagenic meat]
 26668 | Elf:1    | Gained mutation: You have an unnaturally thin skeletal structure. (Dex +6, Stealth++) [mutagenic meat]
 26668 | Elf:1    | Lost mutation: You tend to lose your temper in combat. [potion of cure mutation]
 26668 | Elf:1    | Lost mutation: You are robust. (+10% HP) [potion of cure mutation]
 26668 | Elf:1    | Lost mutation: Armour fits poorly on your strangely shaped body. [potion of cure mutation]
 26668 | Elf:1    | Lost mutation: You have an unnaturally thin skeletal structure. (Dex +6, Stealth++) [potion of cure mutation]
 26994 | Elf:1    | You fall through a shaft!
 27092 | Elf:1    | Gained mutation: You are agile. (Dex +2) [mutagenic meat]
 27097 | Elf:1    | Gained mutation: Your magical capacity is low. (-10% MP) [mutagenic meat]
 27100 | Elf:1    | Gained mutation: You passively map a small area around you. [mutagenic meat]
 27251 | Elf:1    | Received a gift from Trog
 27279 | Elf:1    | Got a brightly glowing long sword {god gift}
 27637 | Elf:2    | Found a portal to a secret trove of treasure.
 27874 | Elf:3    | Entered Level 3 of the Elven Halls
 27885 | Elf:2    | Reached XP level 16. HP: 97/129 MP: 14/14
 27922 | Elf:2    | Received a gift from Trog
 28665 | Elf:2    | Reached skill level 17 in Long Blades
 28698 | Elf:3    | Noticed a deep elf master archer
 28929 | Elf:2    | Got a smoking long sword {slice}
 28939 | Elf:2    | Found a huge runed gate.
 28939 | Elf:2    | Found a huge runed gate.
 28939 | Elf:2    | Found a huge runed gate.
 28969 | Elf:2    | Received a gift from Trog
 29081 | Elf:3    | Shot with an arrow by a deep elf master archer

Vault maps used:
D:1:      lightli_arrival_farm, minmay_misc_feat_five
D:2:      minmay_hexomino_f4, uniq_robin, uniq_iyjb
D:3:      good_gods_mini_temple, tso_metal_star, uniq_terence
D:4:      yredelemnul_altar_generic, serial_shops, nicolae_shop_stone,
          first_bread
D:5:      kennysheep_little_box, serial_shops, kennysheep_mini_moat
D:6:      serial_shops, shop, uniq_edmund
D:7:      kennysheep_orc_sif_temple, grunt_livestock, fedhas_altar_3
D:8:      nicolae_overflow_quartered_altars, serial_shops, shop, serial_ice,
          serial_ice_c, serial_ice_j, serial_ice_e, serial_ice_g, serial_ice_b,
          serial_ice_f, serial_ice_m, serial_ice_h, serial_ice_n, serial_ice_o,
          minmay_gold_behind_fungi, nicolae_ru_path_of_blood, uniq_joseph
D:9:      lair_0_dummy, minmay_sticks_and_stones, uniq_prince_ribbit1
D:10:     minmay_orc_entry_temple_small, serial_shops, kennysheep_mini
D:11:     nicolae_whirlpool, brannock_xom_greatest_gift
D:13:     erik_vaults_2, roderic_batcave
D:14:     minmay_misc_feat_columns, lemuel_mausoleum_altar_kikubaaqudgha
D:15:     gammafunk_depths_entry_grave, lab_entry_generic, serial_shops,
          shop_fountains, nicolae_ashenzari_panopticon, minivault_27
Temple:   nicolae_temple_hex_pool
Lair:1:   dpeg_oklob_gauntlet
Lair:2:   grunt_megastairs_2
Lair:3:   serial_bayou_shore_a, uniq_rupert
Lair:4:   minmay_swamp_entry_worms, minmay_snake_entry_guardpost_small
Lair:5:   minmay_slime_entry_jelly_boxes, grunt_forest_large_clearings
Lair:6:   guppyfry_lair_end_dragon, wormcave, basic_altar,
          nicolae_quartered_pool_medium, bobbens_ice_dragon_lair
Snake:1:  serial_shops, nicolae_shop_trees, spider_trap, uniq_aizul
Orc:1:    basic_altar, nicolae_orc_tapped_out, uniq_urug
Orc:2:    st_orc_elflike, library_closet, uniq_josephine
Elf:1:    elf_arrival_002, hangedman_corner_corridor, grunt_ministairs_8
Elf:2:    nicolae_trove_entry_crossroad, minivault_25,
          nicolae_elf_glass_and_crystal_pillar_1, minmay_elf_sorcery
Elf:3:    elf_hall, grunt_megastairs_3
Lab:      labyrinth_spiral, labyrinth_skeletal_remains, nicolae_lab_statue,
          nicolae_lab_grate, nicolae_lab_hexagon

Skill      XL: |  1  2  3  4  5  6  7  8  9 10 11 12 13 14 15 16 |
---------------+-------------------------------------------------+-----
Armour         | 2 3 4 5 6 7 8 9 10 11 12 | 12.5
Long Blades    | 3 4 5 6 7 9 10 11 13 14 15 16 17 | 17.1
Dodging        | 2 3 4 5 6 7 8 9 10 11 12 | 12.6
Fighting       | 4 5 6 7 9 10 11 12 13 | 13.4

Action                   |  1- 3 |  4- 6 |  7- 9 | 10-12 | 13-15 | 16-18 || total
-------------------------+-------+-------+-------+-------+-------+-------++-------
Melee: Falchion          |   140 |   195 |   367 |   262 |       |       ||   964
       Headbutt          |       |       |    34 |   151 |   271 |    45 ||   501
       Triple sword      |       |       |       |   385 |  1014 |   145 ||  1544
Invok: Berserk           |     4 |     1 |     1 |     1 |     3 |       ||    10
       Trog's Hand       |       |     1 |       |     3 |     3 |       ||     7
       Burn Spellbooks   |       |       |       |       |     1 |       ||     1
       Brothers in Arms  |       |       |       |       |       |     1 ||     1
Evoke: Wand              |       |       |       |       |       |     2 ||     2
  Use: Scroll            |       |    12 |     3 |     5 |    10 |     1 ||    31
       Potion            |       |       |     1 |     3 |     7 |       ||    11
 Stab: Sleeping          |       |       |     1 |     2 |     2 |       ||     5
       Distracted        |       |       |       |     2 |     2 |       ||     4
       Invisible         |       |       |       |       |     2 |       ||     2
  Eat: Chunk             |     6 |     9 |    17 |    30 |    45 |     4 ||   111
       Pizza             |       |       |     1 |     2 |       |       ||     3
       Fruit             |       |       |       |     1 |       |       ||     1
       Royal jelly       |       |       |       |       |     1 |       ||     1
Armor: Animal skin       |    13 |       |       |       |       |       ||    13
       Leather armour    |    20 |    36 |    50 |       |       |       ||   106
       Robe              |       |     1 |       |       |       |       ||     1
       Ring mail         |       |       |     7 |    24 |       |       ||    31
       Plate armour      |       |       |       |   212 |       |       ||   212
       Skin              |       |       |       |    18 |       |       ||    18
       Scale mail        |       |       |       |    52 |   309 |    48 ||   409
Dodge: Dodged            |    75 |   108 |   170 |   331 |   798 |    97 ||  1579
